 Dungeon Crawl Stone Soup version 0.16-a0-967-g37ceb3c (webtiles) character file.

79 Bubba the Chucker (level 4, -3/42 HPs)
             Began as an Ogre Arcane Marksman on Oct 2, 2014.
             Was an Initiate of Ru.
             Slain by a worm (18 damage)
             ... on Level 2 of the Dungeon.
             The game lasted 00:17:59 (1511 turns).

Bubba the Chucker (Ogre Arcane Marksman)            Turns: 1511, Time: 00:17:59

HP  -3/42        AC  3     Str 16      XL: 4   Next: 37%
MP   6/7         EV 10     Int 12      God: Ru [......]
Gold 104         SH  0     Dex 10      Spells:  2 memorised,  4 levels left

rFire  . . .     SeeInvis .     k - +0 club
rCold  . . .     Clarity  .     a - +0 robe
rNeg   . . .     rCorr    .     (shield restricted)
rPois  .         rRot     .     (helmet restricted)
rElec  .         Spirit   .     (no cloak)
SustAb .         Warding  .     (gloves unavailable)
rMut   .         Stasis   .     (boots unavailable)
Gourm  .                        (no amulet)
MR     .....                    (no ring)
                                (no ring)

@: very slightly contaminated, not resistant to hostile enchantments, very
unstealthy
A: unfitting armour, tough skin 1
a: Renounce Religion


You were on level 2 of the Dungeon.
You worshipped Ru.
Ru was noncommittal.
You were not hungry.

You visited 1 branch of the dungeon, and saw 2 of its levels.

You collected 104 gold pieces.

Inventory:

Hand weapons
 i - a +0 hunting sling
 k - a +0 club (weapon)
Missiles
 c - 2 throwing nets (quivered)
 h - 27 stones
Armour
 a - a +0 robe (worn)
Comestibles
 f - a meat ration
Scrolls
 p - a scroll of teleportation
 q - a scroll of fear
Potions
 e - a potion of haste {unknown}
 g - a potion of brilliance
 j - a potion of flight {unknown}
 l - a potion of lignification {unknown}
 m - a potion of heal wounds {unknown}
 n - a potion of agility {unknown}
Books
 d - a book of Debilitation

   Spells                             Type                      Level
   *Corona                            Hexes                        1
   *Slow                              Hexes                        2
   Inner Flame                        Hexes/Fire                   3
   Enslavement                        Hexes                        4
   Cause Fear                         Hexes                        4
   Leda's Liquefaction                Hexes/Earth                  4


   Skills:
 + Level 2.0 Fighting
 + Level 3.2 Throwing
 - Level 1.7 Dodging
 + Level 1.0 Unarmed Combat
 + Level 2.0 Spellcasting
 + Level 2.7 Hexes


You had 4 spell levels left.
You knew the following spells:

 Your Spells              Type           Power        Failure   Level  Hunger
a - Corona                Hex            #......      12%         1    ##.....
b - Slow                  Hex            #.......     14%         2    ###....


Dungeon Overview and Level Annotations

Branches:
Dungeon (2/15)

Altars:
Ru
Trog


Innate Abilities, Weirdness & Mutations

You are too large for most types of armour.
You have tough skin (AC +1).


Message History

The worm closely misses you. The worm bites you!
Casting: Corona
Confirm with . or Enter, or press ? or * to list all spells.
Aiming: Corona
Press: ? - help, Shift-Dir - straight line, f - worm
Aim: a worm (lightly wounded, berserk, fast, unusually strong)
You miscast Corona.
You are very lightly contaminated with residual magic.
Nothing appears to happen.
The worm closely misses you.
Throwing (i - inventory. (,) - cycle):
b - 2 large rocks (quivered)
Press: ? - help, Shift-Dir - straight line, f/p - worm
Aim: a worm (berserk, fast, unusually strong)
You throw a large rock. The large rock hits the worm!
The worm is lightly wounded.
Throwing (i - inventory. (,) - cycle):
b - a large rock (quivered)
Press: ? - help, Shift-Dir - straight line, f/p - worm
Aim: a worm (lightly wounded, berserk, fast, unusually strong)
You throw a large rock. The large rock barely misses the worm.
The worm bites you!!
You die...

### #....# ###### #....#
##....### #....# ##.......##
#....# #.......))# #.>..#
#....#....# #.)..#
####...###....# #....#
#@w...(#y#._..# #....#
#(##...###....# .....#
#.##....#...)# #>...#
#.##.......).#
###..###########.###.......##
# ##..##.........# ##....###
##.##...####### #######.#
#..#.....###########....#
######..###.................#


You could see a moth of wrath and a worm (berserk).

Vanquished Creatures
  A gnoll (D:1)
  An adder (D:2)
  A worm (D:2)
  A giant gecko (D:2)
  13 bats
  2 giant cockroaches
  6 goblins
  6 hobgoblins
  3 jackals (D:2)
  2 kobolds
  2 quokkas (D:2)
  3 ball pythons
  8 rats
49 creatures vanquished.

Notes
Turn   | Place    | Note
--------------------------------------------------------------
     0 | D:1      | Bubba, the Ogre Arcane Marksman, began the quest for the Orb.
     0 | D:1      | Reached XP level 1. HP: 19/19 MP: 2/2
    85 | D:1      | Reached XP level 2. HP: 7/27 MP: 0/3
   337 | D:1      | Reached XP level 3. HP: 9/33 MP: 4/4
   423 | D:1      | Learned a level 2 spell: Slow
  1143 | D:2      | Reached XP level 4. HP: 20/42 MP: 6/6
  1221 | D:2      | Reached skill level 1 in Unarmed Combat
  1252 | D:2      | Found a sacrificial altar of Ru.
  1255 | D:2      | Became a worshipper of Ru the Awakened
  1277 | D:2      | Reached skill level 3 in Throwing
  1482 | D:2      | Noticed a moth of wrath
  1484 | D:2      | Found a bloodstained altar of Trog.
  1511 | D:2      | Slain by a worm

Action                   |  1- 3 |  4- 6 || total
-------------------------+-------+-------++-------
Melee: Unarmed           |   171 |       ||   171
       Short sword       |    18 |     5 ||    23
       Club              |       |    37 ||    37
Throw: Large rock        |    30 |     9 ||    39
       Throwing net      |     3 |       ||     3
 Cast: Corona            |     8 |     1 ||     9
       Slow              |     1 |       ||     1
  Use: Potion            |     3 |       ||     3
       Scroll            |     7 |     2 ||     9
  Eat: Chunk             |     1 |     2 ||     3
